 Dungeon Crawl Stone Soup version 0.31.0-12-g77e489cdc1 (webtiles) character file.

Game seed: 9298700495864320180

70231 MisterFreud the Spry (level 14, -13/77 HPs)
             Began as a Felid Berserker on Feb 14, 2024.
             Was the Champion of Trog.
             Shot with an arrow by a deep elf archer (26 damage)
             ... on level 13 of the Dungeon.
             The game lasted 00:29:59 (21133 turns).

MisterFreud the Spry (Felid Berserker)             Turns: 21133, Time: 00:29:59

Health: -13/77     AC:  3    Str: 13    XL:     14   Next: 93%
Magic:  15/15      EV: 36    Int: 13    God:    Trog [******]
Gold:   1104       SH:  5    Dex: 19    Spells: 13/13 levels left
                                        Lives:  0   Deaths: 5

rFire   . .          .
                       - Unarmed
rCold   + . .        (shield unavailable)
rNeg    . . .        (body armour unavailable)
rPois   +            (helmet unavailable)
rElec   .            (cloak unavailable)
rCorr   .            (gloves unavailable)
SInv    +            (boots unavailable)
Will    ++++.        g - amulet of reflection
Stlth   ++++++       y - ring of poison resistance
HPRegen 1.32/turn    K - +5 ring of evasion
MPRegen 0.14/turn

%: reflection
@: blade hands, strong-willed, regenerating
A: very small, (claws 1), fangs 3, see invisible, shaggy fur 3, (stealthy paws),
no weapons or thrown items, no armour, multi-lived, mutation resistance 1
a: Begin Untransformation, Renounce Religion, Berserk, Trog's Hand, Brothers in
Arms


You were on level 13 of the Dungeon.
You worshipped Trog.
Trog was exalted by your worship.
You had blades for front paws.
You visited 2 branches of the dungeon, and saw 18 of its levels.
You also visited: Sewer and Gauntlet.

You collected 1554 gold pieces.
You spent 450 gold pieces at shops.

Inventory:

Jewellery
 b - a ring of ice
 g - an amulet of reflection (around neck)
 n - a ring of magical power
 w - an amulet of guardian spirit
 x - a ring of fire
 y - a ring of poison resistance (left blade hand)
 F - a ring of positive energy
 H - a +6 ring of dexterity
 K - a +5 ring of evasion (right blade hand)
 L - a ring of protection from fire
 N - a ring of fire
 P - a +4 ring of protection
Talismans
 d - a flux talisman
 t - a serpent talisman
 A - a blade talisman (active)
 B - a serpent talisman
Wands
 i - a wand of iceblast (22)
 k - a wand of mindburst (13)
 q - a wand of flame (9)
 r - a wand of polymorph (4)
 C - a wand of digging (2)
Scrolls
 e - 6 scrolls of teleportation
 p - 4 scrolls of fear
 s - a scroll of fog
 v - 2 scrolls of summoning
 z - a scroll of poison
 G - a scroll of vulnerability
Potions
 a - 3 potions of haste
 c - 4 potions of might
 f - 6 potions of curing
 h - a potion of cancellation
 j - 3 potions of berserk rage
 l - 5 potions of heal wounds
 m - 2 potions of invisibility
 o - 4 potions of brilliance
 u - 2 potions of attraction
 D - a potion of lignification
 E - a potion of magic
 I - a potion of enlightenment
 J - a potion of resistance
 O - a potion of ambrosia
 Q - 2 potions of mutation
Miscellaneous
 M - a condenser vane


   Skills:
 - Level 10.0 Fighting
 + Level 16.6 Dodging
 - Level 15.0 Stealth
 - Level 15.0 Unarmed Combat
 + Level 10.7 Shapeshifting


You had 13 spell levels left.
You didn't know any spells.
Your spell library was empty.

Dungeon Overview and Level Annotations

Branches:
Dungeon (13/15)            Temple (0/1) D:4            Lair (5/5) D:9
  Swamp (0/4) Lair:2        Snake (0/4) Lair:3        Slime (0/5) Lair:5
    Orc (0/2) D:9           Sewer (visited)         Gauntlet (visited)
 Vaults: D:13-14

Altars:
Ashenzari
Hepliaklqana
Kikubaaqudgha
Ru
Sif Muna
Trog
Vehumet
Wu Jian
Yredelemnul
Jiyva
Lugonu

Shops:
D:5 :=:*

Portals:
Abyss: Lair:5

Annotations:
D:7 1 runed translucent door, Killmatronix's ghost, novice GnCK


Innate Abilities, Weirdness & Mutations

You have blades for front paws.
((You have sharp claws.))
You have razor-sharp teeth.
You have supernaturally acute eyesight. (SInv)
Your thick and shaggy fur keeps you warm. (AC +3, rC+)
((Your paws help you pounce on unaware monsters.))
You are incapable of wielding weapons or throwing items.
You cannot wear armour.
You gain extra lives every three experience levels.
You are somewhat resistant to further mutation.


Message History

The deep elf archer is heavily wounded.
The centaur warrior shoots an arrow.
The arrow hits you!!
* * * LOW HITPOINT WARNING * * *
You are too injured to fight recklessly!
You slice the deep elf archer!!
You bite the deep elf archer, but do no damage.
The deep elf archer is almost dead.
The deep elf archer gestures wildly while chanting.
The deep elf archer blinks!
The centaur wields a +0 shortbow.
The centaur shoots an arrow.
The arrow barely misses you.
You are too injured to fight recklessly!
The centaur warrior unwields a +0 shortbow.
The centaur warrior completely misses you.
You block the centaur warrior's attack.
The centaur unwields a +0 shortbow.
The centaur completely misses you. x2
The deep elf archer unwields a +2 antimagic dagger.
The deep elf archer wields a +0 shortbow.
The deep elf archer shoots an arrow.
The arrow completely misses you.
Your skin crawls.
You feel strong-willed.
The centaur warrior completely misses you.
You block the centaur warrior's attack. The centaur barely misses you.
The centaur completely misses you.
The centaur warrior completely misses you. x2
Unknown command.
You slash the centaur! x2
You kill the centaur!
Trog accepts your kill.
The deep elf archer points at you and mumbles some strange words.
You resist with almost no effort. The centaur warrior hits you!
* * * LOW HITPOINT WARNING * * *
The centaur warrior misses you.
You slash the centaur warrior!
The centaur warrior is moderately wounded.
The centaur warrior completely misses you.
The centaur warrior closely misses you.
You hit the centaur warrior. You slash the centaur warrior!
The centaur warrior is severely wounded.
The deep elf archer shoots an arrow.
The arrow hits you!!
You die...

..........'...#.....
..........#...#.....
..........#...######
######..#######.....
.. #..# ... #..<.. #
.##..##.# #....# #.
#.#..#.# .#....#
#..##c#..#)##..#....#
#)@......).# #....#
###.#..#e### #....#
..............####
.................
#####.#..#.#####..
..........
.##.#..#.##. #.#..#.#
. #. ##.


You could see a centaur warrior and a deep elf archer (repels missiles).

Vanquished Creatures
  Gastronok (Lair:2)
  Frances (D:12)
  An eleionoma (Lair:2)
  A minotaur (Gauntlet)
  Erolcha (D:10)
  2 hydras
  2 catoblepae (Lair:1)
  Erica (D:10)
  An ogre mage (D:12)
  10 two-headed ogres
  A boulder beetle (D:13)
  4 death yaks
  4 thrashing horrors (Lair:5)
  A skyshark (Lair:2)
  Amaemon (D:10)
  An obsidian statue (Gauntlet)
  2 deep elf pyromancers (D:13)
  An ugly thing (Lair:5)
  A shining eye (Gauntlet)
  A salamander (Lair:3)
  2 large abominations (Lair:5)
  2 cyclopes
  A manticore (D:12)
  3 black mambas
  4 elephants (Lair:4)
  2 centaur skeletons (D:13)
  An orange demon (D:10)
  A torpor snail (Lair:1)
  13 cane toads
  Jeremiah (D:7)
  7 rime drakes
  2 unseen horrors (D:12)
  9 komodo dragons
  Psyche (D:8)
  A troll (shapeshifter) (Lair:5)
  2 polar bears (Lair:3)
  A merfolk (D:11)
  3 trolls
  2 hornets
  Prince Ribbit (Lair:2)
  33 blink frogs
  2 raiju (Lair:5)
  2 glass eyes (Gauntlet)
  4 slime creatures (D:7)
  7 dream sheep (Lair:5)
  Sigmund (D:3)
  A spriggan (Lair:5)
  12 wyverns
  2 ynoxinuls (Lair:5)
  4 shadows (Gauntlet)
  A water elemental (D:12)
  16 basilisks
  58 yaks
  3 steam dragons
  2 chaos spawn (Lair:5)
  A naga (shapeshifter) (Lair:5)
  12 water moccasins
  An acid dragon (D:7)
  3 nagas (Lair:3)
  2 ice beasts
  2 black bears
  5 orc warriors
  13 wolves
  A boggart (D:13)
  2 ogres
  5 centaurs
  6 kobold brigands
  A phantom (D:6)
  Blork the orc (D:6)
  2 brain worms (Sewer)
  6 bullfrogs
  3 scorpions
  8 small abominations (Lair:5)
  A gnoll sergeant (D:8)
  5 wights (D:8)
  12 killer bees
  7 howler monkeys
  5 electric eels (D:7)
  2 jellies
  9 orc priests
  3 bombardier beetles
  3 sleepcaps
  5 hounds
  A gnoll bouda (D:6)
  3 iguanas
  19 orc wizards
  10 gnolls
  6 adders
  6 river rats
  2 white imps
  2 ufetubi (D:6)
  A dart slug (D:3)
  50 orcs
  9 ball pythons
  3 endoplasms
  5 giant cockroaches
  7 goblins
  7 hobgoblins
  14 kobolds
  5 quokkas
  5 bats
  6 frilled lizards
  10 rats
542 creatures vanquished.

Vanquished Creatures (collateral kills)
  2 small abominations (Lair:5)
2 creatures vanquished.

Grand Total: 544 creatures vanquished

Notes
Turn   | Place    | Note
-------+----------+-------------------------------------------
     0 | D:1      | MisterFreud the Felid Berserker began the quest for the
                  | Orb.
     0 | D:1      | Reached XP level 1. HP: 12/12 MP: 2/2
    53 | D:1      | Reached skill level 1 in Stealth
   133 | D:1      | Reached XP level 2. HP: 16/16 MP: 3/3
   818 | D:2      | Reached ** piety under Trog
   819 | D:2      | Reached XP level 3. HP: 20/20 MP: 4/4
  1218 | D:2      | Found a faded altar of an unknown god.
  1333 | D:3      | Reached XP level 4. HP: 16/24 MP: 5/5
  1333 | D:3      | Gained a life (2 lives remaining)
  1569 | D:3      | Noticed Sigmund
  1583 | D:3      | Killed Sigmund
  1584 | D:3      | Reached skill level 5 in Stealth
  1584 | D:3      | Reached skill level 5 in Unarmed Combat
  1584 | D:3      | Reached XP level 5. HP: 28/28 MP: 6/6
  2066 | D:3      | Found a shimmering blue altar of Sif Muna.
  2070 | D:3      | Gained mutation: You are covered in thick fur. (AC +2)
                  | [Felid growth]
  2070 | D:3      | Reached XP level 6. HP: 32/32 MP: 7/7
  2075 | D:3      | Found an ancient bone altar of Kikubaaqudgha.
  2088 | D:3      | Found a radiant altar of Vehumet.
  2121 | D:4      | Found a staircase to the Ecumenical Temple.
  2178 | D:4      | Reached skill level 5 in Dodging
  2348 | D:4      | Found a glowing drain.
  2366 | Sewer    | Entered a sewer
  2415 | Sewer    | Reached XP level 7. HP: 28/36 MP: 8/8
  2450 | Sewer    | Reached skill level 6 in Dodging
  2583 | Sewer    | Reached skill level 7 in Dodging
  3152 | D:4      | Reached skill level 8 in Dodging
  3363 | D:4      | Found an ornate altar of the Wu Jian Council.
  3699 | D:5      | Entered Level 5 of the Dungeon
  3716 | D:5      | Found Nomicor's Book Shoppe.
  3724 | D:5      | Reached skill level 9 in Dodging
  3727 | D:5      | Reached XP level 8. HP: 24/40 MP: 9/9
  3847 | D:5      | Found Moam's Jewellery Boutique.
  3899 | D:5      | Reached skill level 10 in Dodging
  4024 | D:5      | Reached skill level 1 in Shapeshifting
  4065 | D:5      | Found Ekiethriz's General Store.
  4176 | D:5      | Found Vydd's Book Boutique.
  4531 | D:6      | Reached *** piety under Trog
  4607 | D:6      | Noticed Blork the orc
  4619 | D:6      | Killed Blork the orc
  5201 | D:7      | Reached XP level 9. HP: 42/45 MP: 10/10
  5617 | D:7      | Found a runed translucent door.
  5617 | D:7      | Noticed Killmatronix's ghost (novice GnCK)
  5654 | D:7      | Noticed Jeremiah
  5685 | D:7      | Killed from afar by Jeremiah
  5685 | D:7      | Lost a life (1 life remaining)
  5805 | D:7      | Killed Jeremiah
  5949 | D:7      | Reached skill level 11 in Dodging
  6012 | D:7      | Found a hazy altar of Hepliaklqana.
  6019 | D:7      | Found a bloodstained altar of Trog.
  6119 | D:7      | Noticed a cyclops
  6163 | D:7      | Killed a cyclops
  6164 | D:7      | Reached skill level 5 in Fighting
  6420 | D:8      | Noticed Psyche
  6427 | D:8      | Killed Psyche
  6428 | D:8      | Reached skill level 5 in Shapeshifting
  6428 | D:8      | Reached XP level 10. HP: 51/51 MP: 11/11
  6428 | D:8      | Gained a life (2 lives remaining)
  6452 | D:8      | Found a basalt altar of Yredelemnul.
  6870 | D:8      | Identified the +2 pair of boots "Beishef" {Str+4}
  7275 | D:8      | Found a sacrificial altar of Ru.
  7418 | D:9      | Reached skill level 12 in Dodging
  7555 | D:9      | Found a staircase to the Lair.
  8036 | D:9      | Reached skill level 10 in Stealth
  8276 | D:9      | Found a staircase to the Orcish Mines.
  8426 | D:9      | Noticed a two-headed ogre
  8433 | D:9      | Killed a two-headed ogre
  8548 | D:10     | Entered Level 10 of the Dungeon
  8620 | D:10     | Noticed Erolcha
  8628 | D:10     | Reached **** piety under Trog
  8638 | D:10     | Killed Erolcha
  8639 | D:10     | Reached XP level 11. HP: 56/56 MP: 12/12
  8706 | D:10     | Noticed Erica
  8715 | D:10     | Killed Erica
  8852 | D:10     | Found a broken altar of Ashenzari.
  8947 | D:10     | Noticed Amaemon
  8962 | D:10     | Killed Amaemon
  8964 | D:10     | HP: 4/84 [orange demon[Amaemon] (7)]
  8964 | D:10     | Asphyxiated
  8964 | D:10     | Lost a life (1 life remaining)
  9653 | D:11     | Noticed a two-headed ogre
  9661 | D:11     | Killed a two-headed ogre
 10027 | D:11     | Noticed a two-headed ogre
 10036 | D:11     | Killed a two-headed ogre
 10056 | D:11     | Noticed a two-headed ogre
 10064 | D:11     | Killed a two-headed ogre
 10903 | D:12     | Reached skill level 10 in Unarmed Combat
 11172 | D:5      | Bought a blade talisman for 450 gold pieces
 11280 | Lair:1   | Entered Level 1 of the Lair of Beasts
 11280 | Lair:1   | Noticed a catoblepas
 11287 | Lair:1   | Slain by a wyvern
 11287 | Lair:1   | Lost a life (0 lives remaining)
 11295 | Lair:1   | Killed a catoblepas
 11297 | Lair:1   | HP: 3/82 [rime drake/icy flash freeze (24)]
 11308 | D:9      | Reached skill level 10 in Shapeshifting
 11644 | Lair:1   | Gained mutation: Your thick and shaggy fur keeps you warm.
                  | (AC +3, rC+) [Felid growth]
 11644 | Lair:1   | Reached XP level 12. HP: 43/62 MP: 13/13
 11644 | Lair:1   | Gained a life (1 life remaining)
 12039 | Lair:1   | HP: 2/63 [bullfrog (4)]
 12040 | Lair:1   | Slain by a bullfrog
 12040 | Lair:1   | Lost a life (0 lives remaining)
 12832 | Lair:1   | Reached ***** piety under Trog
 13265 | Lair:1   | Noticed a catoblepas
 13281 | Lair:1   | Killed a catoblepas
 13970 | Lair:2   | Noticed an eleionoma
 14240 | Lair:2   | Noticed Gastronok
 14262 | Lair:2   | Killed Gastronok
 14263 | Lair:2   | Reached skill level 10 in Fighting
 14263 | Lair:2   | Reached XP level 13. HP: 52/72 MP: 14/14
 14263 | Lair:2   | Gained a life (1 life remaining)
 14378 | Lair:2   | Noticed Prince Ribbit
 14658 | Lair:2   | Killed Prince Ribbit
 14698 | Lair:2   | Found a staircase to the Swamp.
 14709 | Lair:2   | Killed an eleionoma
 16288 | Lair:3   | Found a staircase to the Snake Pit.
 16549 | Lair:4   | Reached skill level 15 in Unarmed Combat
 17100 | Lair:4   | Reached skill level 13 in Dodging
 17585 | Lair:4   | Reached XP level 14. HP: 72/77 MP: 15/15
 17860 | Lair:5   | Entered Level 5 of the Lair of Beasts
 18073 | Lair:5   | Found a staircase to the Slime Pits.
 18078 | Lair:5   | Found a gate leading to a gauntlet.
 18201 | Gauntlet | Entered a Gauntlet
 18201 | Gauntlet | Found a transporter.
 18214 | Gauntlet | Found a transporter.
 18231 | Gauntlet | Found a transporter.
 18233 | Gauntlet | Found a large runed translucent door.
 18233 | Gauntlet | Found a large runed translucent door.
 18234 | Gauntlet | Found a large runed translucent door.
 18234 | Gauntlet | Found a large runed translucent door.
 18235 | Gauntlet | Found a large runed translucent door.
 18235 | Gauntlet | Found a large runed translucent door.
 18235 | Gauntlet | Found a runed translucent door.
 18235 | Gauntlet | Found a runed translucent door.
 18235 | Gauntlet | Found a large runed translucent door.
 18235 | Gauntlet | Found a large runed translucent door.
 18237 | Gauntlet | Found a transporter.
 18250 | Gauntlet | Noticed a quicksilver ooze
 18279 | Gauntlet | Found a transporter.
 18283 | Gauntlet | Found a transporter.
 18283 | Gauntlet | Found a transporter.
 18328 | Gauntlet | Found a transporter.
 18334 | Gauntlet | Found a transporter.
 18347 | Gauntlet | Found a transporter.
 18354 | Gauntlet | Gained mutation: You are frail. (-10% HP) [a shining eye]
 18376 | Gauntlet | Found a transporter.
 18411 | Gauntlet | Found a transporter.
 18427 | Gauntlet | Reached skill level 14 in Dodging
 18470 | Gauntlet | Found a transporter.
 18483 | Gauntlet | Identified the +8 chain mail "Iddea" {Will+ Int+2 Dex+4}
 18542 | Lair:5   | Identified the +1 pair of boots "Eddou" {-Cast Rampage
                  | Dex+9 Slay-4}
 18563 | Lair:5   | Found a viscous altar of Jiyva.
 18795 | Lair:5   | Lost mutation: You are frail. (-10% HP) [potion of
                  | mutation]
 18795 | Lair:5   | Gained mutation: You are somewhat resistant to further
                  | mutation. [potion of mutation]
 19390 | Lair:5   | Slain by a cyan ugly thing
 19390 | Lair:5   | Lost a life (0 lives remaining)
 19471 | Lair:5   | Reached skill level 15 in Dodging
 19712 | Lair:5   | Found a corrupted altar of Lugonu.
 19712 | Lair:5   | Found a one-way gate to the infinite horrors of the Abyss.
 20163 | D:12     | Reached skill level 15 in Stealth
 20181 | D:12     | Reached skill level 16 in Dodging
 20334 | D:12     | Reached ****** piety under Trog
 20521 | D:12     | Noticed Frances
 20528 | D:12     | Killed Frances
 21133 | D:13     | Shot with an arrow by a deep elf archer

Illustrated notes

Levels and vault maps discovered:
D:1:      amcnicky_arrival_flooded_fountain, layout_loops_ring
D:2:      layout_loops_cross, shapermc_ecumenical_altar_acropolis
D:3:      layout_basic, palyth_temple_overflow_mages, uniq_sigmund
D:4:      layout_layer_cave, kennysheep_mini_moat,
          minmay_temple_entry_crystal_x, portal_sewer_entry_a,
          minmay_misc_feat_diagonals
D:5:      layout_cave_pools, serial_shops, kennysheep_little_box,
          nicolae_stop_n_shop_2, nicolae_shop_rolling_square, shop,
          serial_column_ruins, column_ruins_hut_ruined, column_ruins_open_small,
          column_ruins_corridor_corner, column_ruins_corridor_straight,
          column_ruins_columns_straight, column_ruins_open_small,
          column_ruins_grid_1, column_ruins_columns_T
D:6:      layout_cave_pools, uniq_blork_the_orc
D:7:      kennysheep_big_flooded_room, layout_gridville,
          amethyst_overflow_temple_binary, hellmonk_ghost_happy_afterlife,
          uniq_jeremiah
D:8:      layout_loops_ring, mainiacjoe_overflow_alcove_2,
          mainiacjoe_overflow_cross_hatched, uniq_psyche
D:9:      layout_basic, dpeg_oklobed_lair, hiddenorc1_lemuel
D:10:     layout_roguey, mainiacjoe_overflow_brackets, nrook_loot_triangle,
          uniq_amaemon, uniq_erolcha, uniq_erica
D:11:     layout_loops_corners, hangedman_fish_farm
D:12:     layout_basic, chequers_decorated_corner, uniq_frances
D:13:     layout_irregular_city, hangedman_vaults_entry_quadrant_bands,
          portal_ice_cave_demonic_guard, minmay_fountain_box,
          dreamdust_princess_corridor, xom_teletrap_fun
Lair:1:   regret_index_malice_mire, layout_chaotic_city, grunt_megastairs_5,
          infiniplex_staircase_pool_2
Lair:2:   layout_big_grid, alex1729_swamp_entry_worm_eleionoma, uniq_gastronok,
          uniq_prince_ribbit2
Lair:3:   layout_gridlike, alex1729_snake_entry_snake, serial_forest,
          infiniplex_forest_straight_2, infiniplex_forest_clump_long,
          infiniplex_forest_clump_long, infiniplex_forest_clump_curved,
          infiniplex_forest_clump_medium, infiniplex_forest_clump_diagonal,
          infiniplex_forest_clump_small, infiniplex_forest_lined_3_way,
          lemuel_fruit_fields
Lair:4:   layout_regular_city, chequers_serial_rivers_micro_a,
          grunt_megastairs_3, lemuel_fruit_tree
Lair:5:   hellmonk_lair_end_abyssal_woods, layout_loops_ring, slime_entry_1,
          gauntlet_entry_generic, grunt_megastairs_2

Skill      XL: |  1  2  3  4  5  6  7  8  9 10 11 12 13 14 |
---------------+-------------------------------------------+-----
Stealth        | 1 2 3 5 6 7 8 10 12 15 | 15.0
Unarmed Combat | 4 5 6 7 8 10 12 15 | 15.0
Dodging        | 5 9 10 11 12 13 16 | 16.6
Shapeshifting  | 3 5 7 10 | 10.7
Fighting       | 4 5 6 10 | 10.0

Action                     |  1- 3 |  4- 6 |  7- 9 | 10-12 | 13-15 || total
---------------------------+-------+-------+-------+-------+-------++-------
  Melee: Unarmed           |    95 |    71 |   338 |   779 |   667 ||  1950
         Bite              |     5 |     5 |    47 |   109 |    90 ||   256
         Punch             |     1 |       |    10 |    61 |    77 ||   149
 Invoke: Berserk           |     1 |     2 |     8 |    16 |    12 ||    39
         Trog's Hand       |       |     1 |     2 |    12 |     4 ||    19
         Brothers in Arms  |       |       |       |       |     1 ||     1
  Evoke: Wand              |       |       |    11 |       |       ||    11
    Use: Scroll            |     1 |     5 |     8 |    12 |     8 ||    34
         Potion            |       |       |       |     5 |     2 ||     7
   Stab: Sleeping          |     1 |    10 |    16 |    21 |    12 ||    60
         Distracted        |       |       |       |     3 |     3 ||     6
         Petrified         |       |       |       |     4 |       ||     4
 Armour: Skin              |    19 |    19 |    63 |   203 |   141 ||   445
  Dodge: Dodged            |    81 |    41 |   261 |   690 |   622 ||  1695
  Block: Other             |     1 |     6 |    56 |   162 |   115 ||   340
         Reflection        |       |     1 |     1 |     3 |     5 ||    10
   Form: Blade             |       |       |       |     1 |       ||     1
